 Dungeon Crawl Stone Soup version 0.21.1-1-g345015f (webtiles) character file.

50 Labyrinth the Insei (level 3, -5/26 HPs)
             Began as a Merfolk Transmuter on July 21, 2018.
             Slain by Sigmund
             ... wielding a cursed -1 scythe
              (7 damage)
             ... on level 2 of the Dungeon.
             The game lasted 00:08:54 (1362 turns).

Labyrinth the Insei (Merfolk Transmuter)            Turns: 1362, Time: 00:08:54

Health: -5/26      AC:  2    Str: 10    XL:     3   Next: 79%
Magic:  6/6        EV: 13    Int: 17    God:
Gold:   59         SH:  0    Dex: 15    Spells: 1/7 levels left

rFire    . . .     SeeInvis .   e - +0 dagger
rCold    . . .     Gourm    .   (no shield)
rNeg     . . .     Faith    .   b - +0 robe
rPois    .         Spirit   .   (no helmet)
rElec    .         Reflect  .   (no cloak)
rCorr    .         Harm     .   (no gloves)
MR       .....                  (no boots)
Stlth    ++........             (no amulet)
HPRegen  0.08/turn              (no ring)
MPRegen  0.10/turn              (no ring)

@: brilliant
A: change form in water, swift swim, stealthy swim
a: no special abilities


You were on level 2 of the Dungeon.
You were not hungry.

You visited 1 branch of the dungeon, and saw 2 of its levels.

You collected 59 gold pieces.

Inventory:

Hand Weapons
 e - a +0 dagger (weapon)
 o - a +0 club
 r - a +0 club
Missiles
 a - 38 arrows
 i - 23 sling bullets
 j - 2 javelins (quivered)
 k - 52 stones
Armour
 b - a +0 robe (worn)
 n - a +0 robe
Scrolls
 m - a scroll of enchant weapon {unknown}
 p - a scroll of fog {unknown}
Potions
 g - a potion of lignification {unknown}
 l - a potion of agility {unknown}
Books
 c - a book of Changes

   Spells                             Type                      Level
   a - Beastly Appendage              Transmutation                1
   b - Sticks to Snakes               Transmutation                2
   c - Spider Form                    Transmutation/Poison         3
   d - Ice Form                       Ice/Transmutation            4
   e - Blade Hands                    Transmutation                5
Comestibles
 d - 4 rations


   Skills:
 + Level 1.4 Fighting
 + Level 0.4 Short Blades
 + Level 3.3 Dodging
 + Level 0.4 Stealth
 + Level 3.6 Unarmed Combat
 + Level 2.5 Spellcasting
 + Level 3.2 Transmutations


You had one spell level left.
You knew the following spells:

 Your Spells              Type           Power        Failure   Level  Hunger
a - Beastly Appendage     Tmut           ###...       1%          1    #......
b - Sticks to Snakes      Tmut           ###.....     1%          2    ##.....
c - Spider Form           Tmut/Pois      ###.......   3%          3    ###....


Dungeon Overview and Level Annotations

Branches:
Dungeon (2/15)

Altars:
Ashenzari

Annotations:
D:2 Sigmund, Terence


Message History

The jackal completely misses you.
You hit the jackal.
The jackal is almost dead.
The jackal bites you but does no damage. x2
Something hits you!
You hit the jackal.
You kill the jackal!
The jackal closely misses you. The jackal bites you.
As you read the scroll labeled WUTHRU WILOUMI, it crumbles to dust.
You feel blessed for a moment.
It was a scroll of remove curse.
Your horns disappear.
Something hits you!
* * * LOW HITPOINT WARNING * * *
The jackal closely misses you.
Okay, then.
It was a potion of brilliance.
You feel clever all of a sudden.
The jackal bites you but does no damage.
Something hits you!
You die...

# ##.#'### ### #.#
...... ..# #.# ###.#.##
#.# #.# #...# #.# #.#
....######.##########.#
#.#..#.......#.........#
#............'.........#
..#.......#.........#
#....†@.#.........#
######h########'#.#
#...l....# #.#.#
#........# #.#.#
#.............#.#
#........######.#
+........+ #........#
#........#


You could see a leopard gecko and a jackal.

Vanquished Creatures
  An adder (D:2)
  2 oozes (D:2)
  A dart slug (D:1)
  5 bats
  A giant cockroach (D:1)
  3 goblins
  3 hobgoblins (D:2)
  A jackal (D:2)
  4 kobolds
  4 frilled lizards (D:1)
  5 rats
30 creatures vanquished.

Notes
Turn   | Place    | Note
-------+----------+-------------------------------------------
     0 | D:1      | Labyrinth the Merfolk Transmuter began the quest for the Orb.
     0 | D:1      | Reached XP level 1. HP: 15/15 MP: 3/3
   251 | D:1      | Reached XP level 2. HP: 11/21 MP: 5/5
   649 | D:1      | You fall through a shaft!
   651 | D:2      | Found a shattered altar of Ashenzari.
   761 | D:2      | Reached XP level 3. HP: 23/26 MP: 6/6
   809 | D:2      | Learned a level 2 spell: Sticks to Snakes
   828 | D:2      | Learned a level 3 spell: Spider Form
   829 | D:2      | Noticed Terence
  1350 | D:2      | Noticed Sigmund
  1362 | D:2      | Slain by Sigmund

Skill      XL: |  1  2 |
---------------+-------+-----
Dodging        | 3 |  3.3
Transmutations | 3 |  3.2
Fighting       | |  1.4
Short Blades   | |  0.4
Stealth        | |  0.4
Unarmed Combat | |  3.6
Spellcasting   | |  2.5

Action                   || total
-------------------------++-------
Melee: Dagger            ||   116
       Unarmed           ||     6
       Headbutt          ||    13
 Cast: Beastly Appendage ||    13
  Use: Scroll            ||     1
       Potion            ||     1
 Stab: Sleeping          ||     1
  Eat: Chunk             ||     2
Armor: Robe              ||    32
Dodge: Dodged            ||   112
